 Dungeon Crawl Stone Soup version 0.30-a0-394-g3e4acdb0ae (webtiles) character file.

Game seed: 15989201735281388055

6615 kae the Frost Mage (level 10, -3/85 HPs)
             Began as a Purple Draconian Transmuter on Dec 6, 2022.
             Was an Initiate of Ru.
             Killed from afar by a steam dragon (39 damage)
             ... with a ball of steam
             ... on level 10 of the Dungeon.
             The game lasted 00:12:55 (10730 turns).

kae the Frost Mage (Purple Draconian Transmuter)   Turns: 10730, Time: 00:12:55

Health: -3/85      AC: 11    Str: 10    XL:     10   Next: 72%
Magic:  18/22      EV: 25    Int: 29    God:    Ru [......]
Gold:   614        SH:  0    Dex: 13    Spells: 6/25 levels left

rFire   x . .      SeeInvis .      - Unarmed
rCold   + + +      Faith    .    (shield currently unavailable)
rNeg    . . .      Spirit   .    (body armour unavailable)
rPois   +          Reflect  .    (helmet currently unavailable)
rElec   .          Harm     .    (cloak currently unavailable)
rCorr   .          Rampage  .    (gloves currently unavailable)
Will    +....                    (boots currently unavailable)
Stlth   +.........               A - amulet of the acrobat
HPRegen 0.34/turn                I - +6 ring of intelligence
MPRegen 0.18/turn                i - +6 ring of intelligence

@: ice-form, acrobatic
A: freezing attack, amphibious, boosted hp, (breathe power), AC +7, large,
unfitting armour, weak 1, (cold-blooded)
a: End Transformation, Renounce Religion


You were on level 10 of the Dungeon.
You worshipped Ru.
Ru was noncommittal.
You were a creature of crystalline ice.
You visited 2 branches of the dungeon, and saw 11 of its levels.
You also visited: Ossuary.

You collected 640 gold pieces.
You spent 26 gold pieces at shops.


Innate Abilities, Weirdness & Mutations

You are a creature of crystalline ice.
You have a powerful freezing melee attack.
You are amphibious.
Your maximum health is increased.
Your armour is entirely melded.
You are incapable of wielding weapons or throwing items.
((You can breathe bolts of dispelling energy.))
((Your rich purple scales are hard. (AC +7)))
You cannot fit into any form of body armour.
You are weak. (Str -2)
((You are cold-blooded and may be slowed by cold attacks.))


   Skills:
 - Level 1.1 Fighting
 - Level 1.7 Dodging
 + Level 8.0 Unarmed Combat
 + Level 8.2 Spellcasting
 - Level 4.0 Translocations
 + Level 7.5 Transmutations
 * Level 9.5 Ice Magic
 - Level 1.6 Poison Magic


You had 6 spell levels left.
You knew the following spells:

 Your Spells              Type           Power      Damage    Failure   Level
a - Beastly Appendage     Tmut           100%       N/A       1%          1
b - Wereblood             Tmut           53%        N/A       1%          2
c - Spider Form           Tmut/Pois      38%        N/A       1%          3
d - Ice Form              Ice/Tmut       57%        N/A       1%          4
e - Gell's Gravitas       Tloc           35%        N/A       2%          3
f - Lesser Beckoning      Tloc           70%        N/A       2%          3
g - Teleport Other        Tloc           35%        N/A       2%          3

Your spell library contained the following spells:

 Spells                   Type           Power      Damage    Failure   Level
 Summon Guardian Golem    Hex/Summ       12%        N/A       14%         3
 Orb of Destruction       Conj           6%         9d6       100%        7
 Spellforged Servitor     Conj/Summ      6%         N/A       100%        7

Inventory:

Missiles
 a - 2 atropa-tipped darts
 b - 3 silver boomerangs
 h - 48 poisoned darts
 n - 89 stones
 o - 4 boomerangs
Magical Staves
 g - a staff of poison (melded) {!a}
   (You found it on level 1 of the Dungeon)
 q - a staff of earth {!a}
   (You found it on level 3 of the Dungeon)
 r - a staff of death {!a}
   (You found it on level 4 of the Dungeon)
 t - a staff of fire {!a}
   (You found it on level 3 of the Dungeon)
 w - a staff of poison {!a}
   (You found it on level 4 of the Dungeon)
Jewellery
 i - a +6 ring of intelligence (right front paw)
   (You took it off an orc on level 6 of the Dungeon)
 v - a ring of see invisible
   (You found it on level 4 of the Dungeon)
 z - a ring of wizardry
   (You found it on level 3 of the Dungeon)
 A - an amulet of the acrobat (around neck)
   (You found it on level 4 of the Dungeon)
 I - a +6 ring of intelligence (left front paw)
   (You found it on level 2 of the Dungeon)
 N - a ring of positive energy
   (You found it on level 1 of the Dungeon)
 P - a ring of poison resistance
   (You found it on level 9 of the Dungeon)
Wands
 d - a wand of polymorph (7)
   (You took it off Maurice on level 8 of the Dungeon)
 y - a wand of digging (4)
   (You found it on level 6 of the Dungeon)
 B - a wand of quicksilver (7)
   (You found it on level 3 of the Dungeon)
 D - a wand of roots (10)
   (You found it on level 6 of the Dungeon)
Scrolls
 c - a scroll of poison {!r}
 f - a scroll of butterflies
 j - 3 scrolls of vulnerability {!r!r}
 k - a scroll of enchant weapon
 l - a scroll of silence {!r}
 m - 3 scrolls of enchant armour
 s - 5 scrolls of blinking {!r}
 u - 5 scrolls of teleportation {@r4}
 F - a scroll of magic mapping {!r}
 L - a scroll of fear
 M - 2 scrolls of immolation {!r!r}
Potions
 e - 4 potions of curing {@q1}
 p - 2 potions of mutation {!q}
 x - a potion of degeneration {!q}
 C - 4 potions of ambrosia
 E - a potion of might
 G - 5 potions of brilliance {unknown}
 H - a potion of haste {@q3}
 J - a potion of heal wounds {@q2}
 K - a potion of invisibility
 O - a potion of flight {unknown}
 Q - a potion of cancellation
 S - a potion of lignification {!q}

Dungeon Overview and Level Annotations

Branches:
Dungeon (10/15) Zot: 26956  Temple (1/1) D:7 Zot: 5985    Lair (0/5) D:8
Ossuary (visited)
    Orc: D:9-12

Altars:
Cheibriados
Dithmenos
Elyvilon
Hepliaklqana
Makhleb
Qazlal
Ru
Trog
Wu Jian
Yredelemnul
Zin

Shops:
D:4 *   D:7 *

Annotations:
D:7 2 transporters

##### ## #...# ..
#...## .# #....# .#
. #....## ##.# ..
#<....###..# ...
###.#.....### ....
#.###...Y§### .....
#<###.###.§§#§.....
#.....#####.D......
#####..## ##§......
#....## .......
#.##..# ...:... #.
##........... #.
####........ #.
.......


You could see a steam dragon (catching breath).


Message History

Unknown command.
You howl as the wereblood boils in your veins!
You howl as the wereblood boils in your veins!
Key pressed, stopping explore.
Unknown command. 😕 HP[+3] MP[+2]
You regained 3 hp, and now have 77/85 hp.
You regained 2 mp, and now have 21/22 mp.
You howl as the wereblood boils in your veins!
You howl as the wereblood boils in your veins!
You howl as the wereblood boils in your veins!
You howl as the wereblood boils in your veins!
Your primal bloodlust is almost over.
You howl as the wereblood boils in your veins!
Your primal bloodlust has ended.
A wyvern comes into view.
The wyvern hisses angrily. 😎 HP[+8] MP[+1]
Your hp is fully restored (85).
Your mp is fully restored (22).
Unknown command.
A wyvern is nearby!
A wyvern is nearby!
Unknown command.
A wyvern is nearby!
Casting: Wereblood (safe; 1% risk of failure)
Confirm with . or Enter, or press ? or * to list all spells.
You extend your transformation's duration.
The wyvern barely misses you. The wyvern misses you. 😎 MP[-4]
You lost 4 mp, and now have 18/22 mp.
You punch the wyvern! You freeze the wyvern. The wyvern closely misses you.
You punch the wyvern! You freeze the wyvern.
You kill the wyvern!
Your Unarmed Combat skill increases to level 8!
You now have 579 gold pieces (gained 15).
R - a scroll of identify {@r1} 😎 MP[+4]
Your mp is fully restored (22).
No target in view!
No target in view!
S - a potion of lignification {!q} No target in view!
No target in view!
You now have 594 gold pieces (gained 15).
D - a wand of roots (10) (gained 5 charges)
Found a stone staircase leading up.
Your transformation is almost over.
There is a stone staircase leading up here.
You warm up again.
Your staff of poison {!a} unmelds from your body.
You see here a ring of poison resistance.
Key pressed, stopping explore.
Key pressed, stopping explore.
You see here a +0 leather armour.
Done exploring. 😎 HP[-14]
You now have 71 max hp (-14).
Done exploring.
Done exploring.
Done exploring.
Done exploring.
Okay, then.
As you read the scroll of identify {@r1}, it crumbles to dust.
E - a potion of might
(D) Dungeon (T) Temple (L) Lair
Where to? (Enter - D:9, ? - help)
There is a stone staircase leading down here.
You climb downwards.
There is a stone staircase leading up here.
Okay, then.
Okay, then.
Found a stone staircase leading up.
p - 2 potions of mutation {!q} (gained 1)
s - 5 scrolls of blinking {!r} (gained 1)
You now have 614 gold pieces (gained 20).
You see here a +0 morningstar.
A steam dragon comes into view.
A steam dragon is nearby!
A steam dragon is nearby!
A steam dragon is nearby!
Casting: Ice Form (dangerous; 1% risk of failure)
Confirm with . or Enter, or press ? or * to list all spells.
You turn into a creature of crystalline ice.
Your staff of poison {!a} melds into your body.
The steam dragon breathes steam at you. The ball of steam hits you!!
The steam scalds you terribly!
You are engulfed in a cloud of scalding steam.
The steam dragon breathes steam at you. The ball of steam hits you!!
The steam scalds you terribly!
* * * LOW HITPOINT WARNING * * *
😨 HP[-36] MP[-4]
You now have 85 max hp (+14).
You take 36 damage, and now have 35/85 hp.
MASSIVE DAMAGE!! (PAUSE)
You lost 4 mp, and now have 18/22 mp. 😨 HP[+1]
The steam dragon breathes steam at you. The ball of steam hits you!!!
The steam scalds you terribly!
You die...

Skill      XL: |  1  2  3  4  5  6  7  8  9 10 |
---------------+-------------------------------+-----
Transmutations | 3 4 5 6 7 |  7.5
Poison Magic   | 1 |  1.6
Spellcasting   | 3 4 5 6 7 8 |  8.2
Unarmed Combat | 4 5 6 7 8 |  8.0
Ice Magic      | 2 3 4 6 8 9 |  9.5
Translocations | 3 4 |  4.0
Fighting       | |  1.1
Dodging        | |  1.7

Action                   |  1- 3 |  4- 6 |  7- 9 | 10-12 || total
-------------------------+-------+-------+-------+-------++-------
Melee: Unarmed           |    80 |   134 |   392 |   156 ||   762
       Kick              |    13 |     6 |       |       ||    19
       Headbutt          |     8 |     3 |       |       ||    11
       Tailslap          |     9 |     3 |     2 |       ||    14
       Staff             |    31 |    50 |    11 |       ||    92
       Punch             |       |     2 |     1 |       ||     3
 Cast: Beastly Appendage |    23 |     3 |       |       ||    26
       Spider Form       |     3 |    17 |       |       ||    20
       Ice Form          |       |     5 |    35 |    15 ||    55
       Wereblood         |       |     1 |     9 |     5 ||    15
       Lesser Beckoning  |       |       |     4 |       ||     4
Invok: Sacrifice Purity  |       |       |     1 |       ||     1
 Abil: Breathe Dispellin |       |       |     1 |       ||     1
Evoke: Wand              |       |       |     4 |     5 ||     9
  Use: Potion            |     1 |     1 |     2 |     1 ||     5
       Scroll            |    10 |     3 |    10 |     2 ||    25
Armor: Skin              |    42 |    36 |   123 |    48 ||   249
Dodge: Dodged            |    86 |   123 |   191 |    72 ||   472

Levels and vault maps discovered:
D:1:      lightli_arrival_chessboard, layout_basic
D:2:      layout_loops_ring, chequers_garden
D:3:      layout_loops_ring, nicolae_wu_jian_wuxing_cycle
D:4:      minmay_recursive_quarters, layout_loops_ring, lemuel_tele_altar,
          nicolae_elemental_shop, uniq_natasha
D:5:      layout_basic, minmay_misc_feat_diagonals, uniq_crazy_yiuf_cottage
D:6:      kennysheep_kobold_camp, layout_basic, kennysheep_slug_shrine,
          sigmund_army, uniq_prince_ribbit1
D:7:      layout_basic, gammafunk_temple_overflow_arena,
          gammafunk_temple_overflow_statue, minmay_temple_entry_wispy,
          guppyfry_shop_venom, uniq_duvessa, uniq_menkaure
D:8:      layout_basic, erik_lair_island, chequers_ossuary_entry_cave,
          skrybe_limestone_x, minmay_orc_keep, uniq_maurice
D:9:      layout_loops_ring, lightli_temple_of_fire, minivault_16
D:10:     layout_rooms, bh_hangedman_babel_library, uniq_maggie
Temple:   nicolae_temple_bog_church

Notes
Turn   | Place    | Note
-------+----------+-------------------------------------------
     0 | D:1      | kae the Draconian Transmuter began the quest for the Orb.
     0 | D:1      | Reached XP level 1. HP: 16/16 MP: 3/3
     0 | D:1      | magus.rc [v1.11.3]
    73 | D:1      | HP: 4/16 [quokka (3)]
    90 | D:1      | Reached XP level 2. HP: 11/23 MP: 3/5
   745 | D:1      | Learned a level 2 spell: Wereblood
  1029 | D:2      | Reached XP level 3. HP: 28/28 MP: 4/6
  1033 | D:2      | Learned a level 3 spell: Spider Form
  1615 | D:3      | Reached skill level 3 in Transmutations
  1615 | D:3      | Reached skill level 1 in Poison Magic
  1615 | D:3      | Reached XP level 4. HP: 24/35 MP: 4/8
  1692 | D:3      | Reached skill level 3 in Spellcasting
  1800 | D:3      | Reached XP level 5. HP: 36/40 MP: 5/9
  1908 | D:3      | Found an ornate altar of the Wu Jian Council.
  1993 | D:3      | HP: 10/40 [orc/+0 mace (2)]
  2128 | D:3      | You pick up a book of Displacement and begin reading...
  2128 | D:3      | You add the spells Lesser Beckoning, Gell's Gravitas and
                  | Teleport Other to your library.
  2162 | D:3      | Learned a level 4 spell: Ice Form
  2313 | D:3      | Reached skill level 4 in Unarmed Combat
  2344 | D:3      | Identified the +7 dagger of Animal Spirits {speed, rF+
                  | Dex+3}
  2727 | D:4      | Found a glowing silver altar of Zin.
  2734 | D:4      | Reached skill level 1 in Ice Magic
  2747 | D:4      | HP: 1/40 [gnoll bouda/+5 whip (15)]
  2946 | D:4      | Noticed an ogre
  2951 | D:4      | Killed an ogre
  2952 | D:4      | Reached skill level 2 in Ice Magic
  2952 | D:4      | Reached XP level 6. HP: 28/47 MP: 5/11
  3439 | D:4      | Found Bela's Elemental Accessories.
  3456 | D:4      | Bought a scroll of identify for 26 gold pieces
  3477 | D:4      | Noticed Natasha
  3490 | D:4      | Killed Natasha
  3763 | D:4      | Reached skill level 4 in Transmutations
  3876 | D:4      | Noticed Natasha
  3893 | D:4      | Reached skill level 3 in Ice Magic
  3893 | D:4      | Your scales start taking on a rich purple colour.
  3893 | D:4      | Reached skill level 4 in Spellcasting
  3893 | D:4      | Reached XP level 7. HP: 52/52 MP: 9/13
  3902 | D:4      | Killed Natasha
  4143 | D:5      | Entered Level 5 of the Dungeon
  4461 | D:5      | Reached skill level 5 in Unarmed Combat
  4465 | D:5      | Reached skill level 5 in Spellcasting
  4465 | D:5      | Reached skill level 4 in Ice Magic
  4880 | D:5      | Found a runed translucent door.
  4881 | D:5      | Noticed Crazy Yiuf
  4889 | D:5      | Killed Crazy Yiuf
  4968 | D:6      | Noticed Prince Ribbit
  4985 | D:6      | Killed Prince Ribbit
  4986 | D:6      | Reached XP level 8. HP: 23/59 MP: 11/16
  5230 | D:6      | Reached skill level 5 in Transmutations
  5230 | D:6      | Reached skill level 5 in Ice Magic
  5457 | D:6      | Found a snail-covered altar of Cheibriados.
  5644 | D:6      | Reached skill level 6 in Spellcasting
  5735 | D:6      | Reached skill level 6 in Unarmed Combat
  5735 | D:6      | Reached skill level 6 in Ice Magic
  6407 | D:6      | Reached XP level 9. HP: 64/64 MP: 16/18
  6764 | D:7      | Learned a level 3 spell: Gell's Gravitas
  6768 | D:7      | Learned a level 3 spell: Lesser Beckoning
  6772 | D:7      | Learned a level 3 spell: Teleport Other
  6776 | D:7      | Found a staircase to the Ecumenical Temple.
  6810 | Temple   | Entered the Ecumenical Temple
  6818 | Temple   | Became a worshipper of Ru the Awakened
  6842 | D:7      | Noticed Menkaure
  6855 | D:7      | Killed Menkaure
  6856 | D:7      | Reached skill level 1 in Translocations
  6955 | D:7      | HP: 19/76 [orc/+0 mace (4)]
  6960 | D:7      | Reached skill level 6 in Transmutations
  6960 | D:7      | HP: 16/76 [orc/+0 whip (1)]
  6963 | D:7      | Noticed Duvessa
  6969 | D:7      | Noticed Dowan
  7167 | D:7      | Killed Duvessa
  7168 | D:7      | Reached skill level 7 in Ice Magic
  7225 | D:7      | Killed Dowan
  7476 | D:7      | Reached skill level 2 in Translocations
  7693 | D:7      | Found Wiaps's Serpentskin Sales.
  7696 | D:7      | Reached skill level 7 in Spellcasting
  7823 | D:7      | Found a transporter.
  7823 | D:7      | Noticed a manticore
  7824 | D:7      | Noticed a komodo dragon
  7829 | D:7      | Noticed a cyan ugly thing
  7830 | D:7      | Found a hazy altar of Hepliaklqana.
  7830 | D:7      | Found a transporter.
  8037 | D:7      | Found a shadowy altar of Dithmenos.
  8037 | D:7      | Found a basalt altar of Yredelemnul.
  8078 | D:7      | You pick up a book of Dangerous Friends and begin
                  | reading...
  8078 | D:7      | You add the spells Summon Guardian Golem, Orb of
                  | Destruction and Spellforged Servitor to your library.
  8282 | D:8      | Noticed Maurice
  8318 | D:8      | Killed Maurice
  8319 | D:8      | Reached skill level 7 in Unarmed Combat
  8319 | D:8      | Reached skill level 8 in Ice Magic
  8409 | D:8      | Found a sand-covered staircase.
  8416 | Ossuary  | Entered an ossuary
  8712 | D:8      | Reached skill level 3 in Translocations
  8716 | D:8      | Noticed a troll
  8717 | D:8      | Gained mutation: You are weak. (Str -2) [Ru sacrifice]
  8750 | D:8      | Reached XP level 10. HP: 50/71 MP: 19/21
  8787 | D:8      | Reached skill level 7 in Transmutations
  9127 | D:8      | HP: 16/80 [orc warrior/+0 glaive (6)]
  9360 | D:8      | Reached skill level 4 in Translocations
  9365 | D:8      | Found a staircase to the Lair.
  9483 | D:8      | Reached skill level 9 in Ice Magic
  9996 | D:9      | Found a burning altar of Makhleb.
 10013 | D:9      | Reached skill level 8 in Spellcasting
 10306 | D:9      | Noticed a two-headed ogre
 10314 | D:9      | Killed a two-headed ogre
 10379 | D:9      | Reached skill level 8 in Unarmed Combat
 10687 | D:10     | Entered Level 10 of the Dungeon
 10730 | D:10     | Killed from afar by a steam dragon

Vanquished Creatures
  A two-headed ogre (D:9)
  Maurice (D:8)
  A troll (D:8)
  Prince Ribbit (D:6)
  A wyvern (D:9)
  A steam dragon (D:7)
  Menkaure (D:7)
  3 water moccasins
  2 ice beasts
  Duvessa (D:7)
  4 orc warriors
  4 wolves (D:8)
  3 ogres
  2 centaurs
  2 kobold brigands
  4 bullfrogs
  2 necrophages
  3 scorpions
  8 wights
  Dowan (D:7)
  10 killer bees (D:8)
  5 howler monkeys
  4 electric eels (D:8)
  A jelly (D:4)
  Crazy Yiuf (D:5)
  4 hounds
  4 orc priests
  2 gnoll boudas
  2 iguanas
  Natasha (twice) (D:4)
  10 orc wizards
  8 mummies (Ossuary)
  13 gnolls
  8 adders
  A white imp (D:8)
  An ufetubus (D:6)
  4 worms
  6 dart slugs
  59 orcs
  6 bats
  8 endoplasms
  4 giant cockroaches
  5 goblins
  9 hobgoblins
  28 kobolds
  2 quokkas (D:1)
  13 ball pythons
  2 frilled lizards
  A gnoll zombie (Ossuary)
  2 hobgoblin zombies (Ossuary)
  3 kobold zombies (Ossuary)
  2 orc zombies (Ossuary)
  3 rats
279 creatures vanquished.

Vanquished Creatures (others)
  An orc (D:8)
  18 plants (D:6)
19 creatures vanquished.

Grand Total: 298 creatures vanquished

Table legend:
 A = Non-vault XP
 B = Vault XP
 C = Vault XP percentage of total XP
 D = Non-vault monster count
 E = Vault monster count
 F = Vault count percentage of total count
                 A         B        C        D         E       F
            +---------+---------+-------+---------+---------+-------
      Total |    6460 |    2991 |  31.6 |     202 |      77 |  27.6
            +---------+---------+-------+---------+---------+-------
        D:1 |      35 |       0 |   0.0 |      18 |       0 |   0.0
        D:2 |      72 |       0 |   0.0 |      20 |       0 |   0.0
        D:3 |     170 |       0 |   0.0 |      26 |       0 |   0.0
        D:4 |     383 |     237 |  38.2 |      26 |      13 |  33.3
        D:5 |     297 |      42 |  12.4 |      14 |       1 |   6.7
        D:6 |    1174 |     398 |  25.3 |      29 |      26 |  47.3
        D:7 |    1204 |     514 |  29.9 |      18 |       4 |  18.2
        D:8 |    1623 |    1647 |  50.4 |      35 |      17 |  32.7
        D:9 |    1502 |       0 |   0.0 |      16 |       0 |   0.0
    Ossuary |       0 |     153 | 100.0 |       0 |      16 | 100.0
            +---------+---------+-------+---------+---------+-------

Illustrated notes

Table legend:
 A = Kills in this place as a percentage of kills in entire the game.
 B = Kills by you in this place as a percentage of kills by you in the entire game.
 C = Kills by friends in this place as a percentage of kills by friends in the entire game.
 D = Other kills in this place as a percentage of other kills in the entire game.
 E = Experience gained in this place as a percentage of experience gained in the entire game.
 F = Experience gained in this place divided by the number of levels of this place that you have seen.
                   A       B       C       D       E      F
               +-------+-------+-------+-------+-------+----------------------
         Total | 100.0 | 100.0 |   N/A |   N/A | 100.0 | 787.6
       Dungeon |  94.3 |  94.3 |   N/A |   N/A |  98.4 | 929.8
       Ossuary |   5.7 |   5.7 |   N/A |   N/A |   1.6 | 153.0
               +-------+-------+-------+-------+-------+----------------------

Table legend: (Time is in decaauts)
 A = Elapsed time spent in this place.
 B = Non-inter-level travel time spent in this place.
 C = Inter-level travel time spent in this place.
 D = Time resting spent in this place.
 E = Time spent auto-exploring this place.
 F = Levels seen in this place.
 G = Mean time per level.
                   A        B        C        D        E       F      G
               +--------+--------+--------+--------+--------+-----+--------+
         Total |  10679 |  10425 |    254 |    423 |   7874 |  12 |  889.9 |
       Dungeon |  10392 |  10138 |    254 |    410 |   7709 |  10 | 1039.2 |
        Temple |     14 |     14 |      0 |      0 |      0 |   1 |   14.0 |
       Ossuary |    271 |    271 |      0 |     13 |    165 |   1 |  271.0 |
               +--------+--------+--------+--------+--------+-----+--------+

Top non-repeatable levels by time:
     D:6: 2065 daAuts
     D:4: 1363 daAuts
     D:8: 1325 daAuts
     D:7: 1210 daAuts
     D:3: 1187 daAuts
     D:2: 841 daAuts
     D:5: 813 daAuts
     D:9: 780 daAuts
     D:1: 763 daAuts
 Ossuary: 271 daAuts
    D:10: 42 daAuts
  Temple: 14 daAuts
